[Event "FIDE World School-ch O-11 2025"]
[Site "Vrnjacka Banja"]
[Date "2025.03.26"]
[Round "7.1"]
[White "Zhauynbay, Alimzhan"]
[Black "Ivanovic, Leonid"]
[Result "1-0"]
[Annotator "NA RC"]
[ECO "B22"]
[WhiteElo "1927"]
[BlackElo "2015"]
[PlyCount "111"]
[EventDate "2025.03.19"]
[EventType "swiss"]
[EventCountry "SRB"]
[SourceTitle "playchess.com"]
[Source "ChessBase"]
[SourceQuality "1"]
[TimeControl "5400+30"]

1. e4 c5 2. c3 d5 3. exd5 Qxd5 4. d4 Nf6 5. Nf3 Bg4 6. Nbd2 Nc6 7. dxc5 Qxc5 8. h3 Bh5 9. Nc4 Qd5 10. Qxd5 Nxd5 11. g4 Bg6 12. Nfe5 Nxe5 13. Nxe5 O-O-O 14. Bd2 e6 15. Nxg6 hxg6 16. Bg2 Bc5 17. O-O-O Rd7 18. Rhf1 Rhd8 19. Kc2 b5 20. Bc1 e5 21. Bf3 Kc7 22. Rfe1 f6 23. Rd2 Nb6 24. Rxd7+ Rxd7 25. Re2 a5 26. h4 Rd8 27. Be4 Rh8 28. Bxg6 Rxh4 29. f3 Rh3 30. Be4 Nc4 31. Bd5 g5 32. b3 Nb6 33. Be4 Nc8 34. a3 Nd6 35. Bd5 Bg1 36. Bd2 Bh2 37. c4 Kb6 38. Be3+ Kc7 39. c5 Nc8 40. Bd2 Bg1 41. Bxa5+ Kd7 42. c6+ Kd6 43. Be4 Na7 44. c7 Rh8 45. Rd2+ Bd4 46. Bb6 Nc8 47. Ba5 Na7 48. Bf5 Kc6 49. Kd3 Kb7 50. Ke4 Ka6 51. Bb4 Kb7 52. Rc2 Bb6 53. Bd6 Nc8 54. Bxc8+ Kxc8 55. Kf5 Kd7 56. Kxf6 1-0

[Event "FIDE World School-ch O-11 2025"]
[Site "Vrnjacka Banja"]
[Date "2025.03.26"]
[Round "7.2"]
[White "Tulegen, Ramazan"]
[Black "Larion, Iustin"]
[Result "1-0"]
[Annotator "TA"]
[ECO "B12"]
[WhiteElo "1973"]
[BlackElo "1919"]
[PlyCount "165"]
[EventDate "2025.03.19"]
[EventType "swiss"]
[EventCountry "SRB"]
[SourceTitle "playchess.com"]
[Source "ChessBase"]
[SourceQuality "1"]
[TimeControl "5400+30"]

1. e4 c6 2. d4 d5 3. e5 c5 4. dxc5 e6 5. Nf3 Bxc5 6. Bd3 {[%emt 0:00:16] B12: Caro-Kann: Advance Variation.} Ne7 7. O-O Nbc6 8. a3 {[%emt 0:01:25] White is slightly better.} a6 9. b4 Ba7 10. Bb2 Ng6 11. g3 b5 12. Nbd2 Bb7 $146 (12... O-O 13. Nb3 f6 14. exf6 gxf6 15. Bxg6 hxg6 16. Qd3 Ne7 17. Nh4 Qe8 18. Nc5 g5 {0-1 Tsydypov,Z (2534)-Grachev,B (2593) RUS Cup final 2022 (3.4)}) 13. Re1 Nf8 14. Nb3 Nd7 15. Nbd4 Nb6 16. Nxc6 Bxc6 17. Nd4 Bb7 18. Qg4 Qc7 {[%emt 0:10:58] [#]} (18... Kf8 $11) 19. Bxb5+ $1 $16 Kf8 (19... axb5 20. Qxg7 O-O-O 21. Nxb5 $14) 20. Bd3 $36 {[%emt 0:06:56][%mdl 2048] Black is under strong pressure. White has more active pieces.} Rc8 (20... Kg8 $16) 21. Nb3 $18 Na4 {[%emt 0:10:53][%cal Oh7h5] aiming for ...h5!.} 22. Bd4 Bxd4 23. Qxd4 Qc3 (23... g6 $142 24. Rac1 Kg7) 24. Qa7 Qc7 25. Bxa6 Bxa6 26. Qxa6 Qc6 27. Qxc6 Rxc6 28. Rac1 ({Better is} 28. b5 $18 Rc3 29. Reb1) 28... Ke7 $16 29. Kf1 Rhc8 30. Nd4 Rc4 31. Red1 Rb8 32. Rd3 Rb6 33. f3 h5 34. h4 g6 (34... Rb8 $16 35. c3 Rcc8) 35. Ke2 Kf8 36. Kd2 Nb2 37. Rb3 Na4 (37... Rxd4+ 38. Kc3 Rc4+ 39. Kxb2 $16) 38. Ne2 Rb8 39. Nc3 Nb6 40. Kd3 Rcc8 41. Ra1 Rc4 42. Ra2 Kg7 43. f4 Kg8 $2 (43... g5) 44. a4 $18 Nd7 45. a5 (45. Nb5 f6 46. exf6 Nxf6 $14) 45... Rbxb4 $2 (45... g5 46. Ne2 (46. hxg5 h4 $18) 46... gxf4 47. gxf4 Rbxb4) 46. Rxb4 Nc5+ 47. Kd2 Rxb4 48. a6 Nxa6 49. Rxa6 {[%emt 0:00:05][%mdl 4096] Endgame KRN-KR} Kg7 50. Ra7 Rd4+ 51. Ke3 Rb4 52. Kd3 Rb6 53. Ra5 Rb7 54. Ra1 Rc7 55. Ne2 Rb7 56. Nd4 Rc7 57. Nb5 Rb7 58. Nd6 Rd7 59. Rb1 {[%emt 0:00:25] And now Rb7 would win.} Ra7 60. Rb7 Rxb7 61. Nxb7 {[%emt 0:00:15] KN-KP} Kf8 62. Kd4 Ke7 63. Nc5 Kd8 64. Na4 Kd7 65. Nb2 (65. c3 $142 Kc6 66. Nc5 (66. Nb2 Kd7 $18) 66... Kc7 67. c4 dxc4 68. Kxc4 Kc8 69. Ne4 Kd8 70. Ng5) 65... Kc6 66. Nd3 {[%emt 0:00:09] White mates.} Kd7 67. Nb4 Kc7 {[%emt 0:00:00] [#]} 68. Nxd5+ $1 exd5 (68... Kc6 69. Nb4+) 69. Kxd5 {[%emt 0:00:04] KP-KP. White is two pawns up.} Kd7 70. c4 Ke7 71. c5 Kd7 72. c6+ Kd8 73. Kd6 Kc8 74. c7 Kb7 75. Kd7 Kb6 76. c8=Q Kb5 77. Qc3 g5 78. fxg5 f5 79. e6 f4 80. e7 fxg3 81. e8=Q g2 82. Qb8+ Ka4 83. Qa1# {[%emt 0:00:05] Weighted Error Value: White=0.10 (very precise) /Black=0.38  Mistake:       	White=1     	Black=6      Inaccurate:     	---       	Black=3      OK:         	White=18    	Black=13     Best:        	---       	Black=1} 1-0

[Event "FIDE World School-ch O-11 2025"]
[Site "Vrnjacka Banja"]
[Date "2025.03.26"]
[Round "7.3"]
[White "Kiringoda, Thehas Rithmitha"]
[Black "Yildiz, Ali Aras"]
[Result "0-1"]
[Annotator "NA RC"]
[ECO "B52"]
[WhiteElo "1868"]
[BlackElo "1932"]
[PlyCount "111"]
[EventDate "2025.03.19"]
[EventType "swiss"]
[EventCountry "SRB"]
[SourceTitle "playchess.com"]
[Source "ChessBase"]
[SourceQuality "1"]
[TimeControl "5400+30"]

1. e4 c5 2. Nf3 d6 3. Bb5+ Bd7 4. Bxd7+ Qxd7 5. c4 Nf6 6. Nc3 Nc6 7. d4 cxd4 8. Nxd4 g6 9. f3 Bg7 10. Be3 O-O 11. O-O e6 12. Qd2 Rfd8 13. Rfd1 Rac8 14. Ndb5 Ne8 15. c5 Ne5 16. Qe2 a6 17. Nxd6 Nxd6 18. Rxd6 Qc7 19. Rdd1 Nd7 20. Rac1 Qa5 21. a3 Nxc5 22. Rxd8+ Qxd8 23. Rd1 Qc7 24. Qc4 b5 25. Qxc5 Qxc5 26. Bxc5 Bxc3 27. bxc3 Rxc5 28. Rd8+ Kg7 29. Ra8 Rc6 30. Kf2 h5 31. Ke2 Rxc3 32. Rxa6 Rc2+ 33. Kf1 Ra2 34. Rb6 Rxa3 35. Rxb5 Ra2 36. e5 g5 37. h3 h4 38. f4 Kg6 39. fxg5 Ra4 40. Kf2 Kxg5 41. Rb7 Kg6 42. Rb5 Kf5 43. Rb7 Kxe5 44. Rxf7 Rf4+ 45. Rxf4 Kxf4 46. Ke2 Kg3 47. Kf1 Kf4 48. Ke2 e5 49. Kf2 e4 50. Ke2 Ke5 51. Ke3 Kd5 52. Ke2 Kd4 53. Kd2 e3+ 54. Ke2 Ke4 55. Ke1 Kd3 56. Kd1 0-1

[Event "FIDE World School-ch O-11 2025"]
[Site "Vrnjacka Banja"]
[Date "2025.03.26"]
[Round "7.4"]
[White "Jumanazarov, Ibrohim"]
[Black "Zabelin, Platon"]
[Result "0-1"]
[Annotator "NA RC"]
[ECO "B76"]
[WhiteElo "1869"]
[BlackElo "1831"]
[PlyCount "116"]
[EventDate "2025.03.19"]
[EventType "swiss"]
[EventCountry "SRB"]
[SourceTitle "playchess.com"]
[Source "ChessBase"]
[SourceQuality "1"]
[TimeControl "5400+30"]

1. e4 c5 2. Nf3 d6 3. d4 cxd4 4. Nxd4 Nf6 5. Nc3 g6 6. Be3 Bg7 7. f3 O-O 8. Qd2 Nc6 9. O-O-O d5 10. exd5 Nxd5 11. Nxc6 bxc6 12. Bd4 e5 13. Bc5 Re8 14. Ne4 Qc7 15. Bc4 Be6 16. h4 h6 17. h5 f5 18. Nf2 g5 19. Bb3 Rad8 20. c4 Nf4 21. Qc2 Qa5 22. Bd6 Nxg2 23. c5 Ne3 24. Bxe6+ Rxe6 25. Qb3 Nd5 26. Rhe1 Qb4 27. Qxb4 Nxb4 28. a3 Nd5 29. Kc2 Rde8 30. Re2 Bf8 31. Rde1 Nf4 32. Rxe5 Bxd6 33. Rxe6 Nxe6 34. cxd6 Nd4+ 35. Kd1 Rxe1+ 36. Kxe1 Nxf3+ 37. Kf1 Kf7 38. Nd1 Nd2+ 39. Kg2 Nc4 40. b3 Nxd6 41. Ne3 Ke6 42. Nc2 c5 43. b4 c4 44. a4 Kd5 45. b5 c3 46. Kf3 Kc4 47. Ke2 f4 48. Kd1 g4 49. Ke2 g3 50. Ne1 Kb3 51. Kf3 c2 52. Nd3 Ka2 53. Kg2 Kb1 54. Kf3 c1=Q 55. Nxc1 Kxc1 56. Kg2 Kd2 57. Kf3 g2 58. Kxg2 Ke2 0-1

[Event "FIDE World School-ch O-11 2025"]
[Site "Vrnjacka Banja"]
[Date "2025.03.26"]
[Round "7.5"]
[White "Bai, Moxuan"]
[Black "Uzdemir, Ali Poyraz"]
[Result "0-1"]
[Annotator "NA RC"]
[ECO "B67"]
[WhiteElo "1726"]
[BlackElo "2184"]
[PlyCount "72"]
[EventDate "2025.03.19"]
[EventType "swiss"]
[EventCountry "SRB"]
[SourceTitle "playchess.com"]
[Source "ChessBase"]
[SourceQuality "1"]
[TimeControl "5400+30"]

1. e4 c5 2. Nf3 d6 3. d4 cxd4 4. Nxd4 Nf6 5. Nc3 Nc6 6. Bg5 Bd7 7. Qd2 a6 8. O-O-O e6 9. Kb1 Be7 10. Bxf6 Bxf6 11. Nxc6 Bxc6 12. f3 Rc8 13. Bc4 O-O 14. Bb3 Be5 15. Ne2 a5 16. Nd4 Qb6 17. Nxc6 Rxc6 18. a4 Rfc8 19. Rc1 Rc4 20. f4 Bd4 21. Qe2 Rxa4 22. Rcd1 Rb4 23. c3 Bxc3 24. bxc3 Rxb3+ 25. Ka1 Ra3+ 26. Qa2 Rxa2+ 27. Kxa2 Rxc3 28. Rd2 Qb3+ 29. Ka1 Qa3+ 30. Kb1 Rb3+ 31. Kc2 Qb2+ 32. Kd1 Qb1+ 33. Ke2 Qxe4+ 34. Kf2 Qe3+ 35. Kf1 Rb1+ 36. Rd1 Rxd1# 0-1

[Event "FIDE World School-ch O-11 2025"]
[Site "Vrnjacka Banja"]
[Date "2025.03.26"]
[Round "7.6"]
[White "Adamovic, Nikola"]
[Black "Kalinichenko, German Yu"]
[Result "0-1"]
[Annotator "NA RC"]
[ECO "C55"]
[WhiteElo "1996"]
[BlackElo "1696"]
[PlyCount "82"]
[EventDate "2025.03.19"]
[EventType "swiss"]
[EventCountry "SRB"]
[SourceTitle "playchess.com"]
[Source "ChessBase"]
[SourceQuality "1"]
[TimeControl "5400+30"]

1. e4 e5 2. Nf3 Nc6 3. Bc4 Nf6 4. d3 h6 5. O-O d6 6. a4 g5 7. Nc3 Bg7 8. Be3 O-O 9. h3 Ne7 10. d4 Ng6 11. a5 Be6 12. Bxe6 fxe6 13. dxe5 dxe5 14. a6 b6 15. Qe2 Qe7 16. Qb5 Nh5 17. Rad1 Rxf3 18. gxf3 Qf6 19. Qc6 Rf8 20. Ne2 Nh4 21. Rd7 Qxf3 22. Qxe6+ Kh8 23. Qg4 Nf6 24. Qxf3 Nxf3+ 25. Kg2 Nxd7 26. b4 Nd4 27. Bxd4 exd4 28. Rd1 c5 29. bxc5 bxc5 30. c3 Nb6 31. cxd4 cxd4 32. Ng3 Re8 33. Kf3 Nc4 34. Nf5 Ne5+ 35. Kg2 d3 36. Nd6 Re6 37. Nf5 Rxa6 38. Rc1 Rc6 39. Ra1 d2 40. Rd1 Nc4 41. Ne7 Ra6 0-1